 Dungeon Crawl Stone Soup version 0.28-a0-1038-g9c4cb8273d (webtiles) character file.

Game seed: 8621674520516443490

41449 1994 the Martial Artist (level 13, -13/95 HPs)
             Began as a Demonspawn Monk on Dec 8, 2021.
             Was a High Priest of Hepliaklqana.
             Killed from afar by a hell hog (23 damage)
             ... with a fireball
             ... on level 2 of the Abyss.
             The game lasted 00:58:19 (21590 turns).

1994 the Martial Artist (Demonspawn Monk)          Turns: 21590, Time: 00:58:20

Health: -13/95     AC: 17    Str: 15    XL:     13   Next: 80%
Magic:  18/18      EV: 19    Int: 12    God:    Hepliaklqana [*****.]
Gold:   1044       SH: 15    Dex: 29    Spells: 12/12 levels left

rFire   . . .      SeeInvis .     - Unarmed
rCold   . . .      Faith    .   x - +0 kite shield
rNeg    . . .      Spirit   .   G - +0 acid dragon scales
rPois   .          Reflect  .   i - +0 helmet
rElec   .          Harm     .   H - +2 cloak
rCorr   +          Rampage  .   Q - +1 pair of gloves
Will    .....                   (no boots)
Stlth   ++........              (no amulet)
HPRegen 0.25/turn               c - +6 ring of dexterity
MPRegen 0.16/turn               B - +6 ring of dexterity

@: about to teleport, studying Unarmed Combat
A: reduced essence, hooves 2, yellow scales 1, icemail 1, condensation shield
a: Renounce Religion, Recall Ancestor, Ancestor Identity, Transference, Idealise


You were on level 2 of the Abyss.
You worshipped Hepliaklqana.
Hepliaklqana was extremely pleased with you.
You visited 3 branches of the dungeon, and saw 16 of its levels.
You visited the Abyss 1 time.
You also visited: Bailey and Gauntlet.

You collected 1044 gold pieces.

Inventory:

Hand Weapons
 b - a +1 dagger of venom
 N - a +3 scimitar of flaming
Missiles
 q - 31 poisoned darts (quivered)
 O - a curare-tipped dart
 P - 2 throwing nets
Armour
 i - a +0 helmet (worn)
 x - a +0 kite shield (worn)
 G - +0 acid dragon scales (worn)
 H - a +2 cloak (worn)
 J - a +2 chain mail of willpower
 Q - a +1 pair of gloves (worn)
 R - a +2 scale mail of fire resistance
Magical Staves
 f - a staff of poison
 h - a staff of air
 M - a staff of fire
Jewellery
 c - a +6 ring of dexterity (left hand)
 e - a ring of fire
 p - a ring of wizardry
 B - a +6 ring of dexterity (right hand)
 L - a ring of protection from fire
 S - a ring of resist corrosion
Wands
 a - a wand of iceblast (10)
 o - a wand of polymorph (4)
 C - a wand of flame (29)
 U - a wand of acid (3)
Scrolls
 n - 4 scrolls of teleportation
 r - a scroll of holy word {unknown}
 t - 2 scrolls of fear
 w - 2 scrolls of magic mapping
 y - a scroll of immolation
 A - 4 scrolls of fog
 F - a scroll of brand weapon {unknown}
 I - 4 scrolls of blinking
Potions
 d - 10 potions of curing
 j - 2 potions of cancellation
 l - a potion of magic
 m - 2 potions of haste
 s - 4 potions of attraction
 u - a potion of brilliance {unknown}
 v - 6 potions of heal wounds
 z - 4 potions of mutation
 D - 4 potions of lignification
 E - a potion of flight
 V - a potion of berserk rage {unknown}


   Skills:
 * Level 11.1 Fighting
 - Level 2.9 Polearms
 + Level 8.1 Armour
 + Level 8.3 Dodging
 - Level 1.7 Stealth
 * Level 11.6 Shields
 * Level 12.8 Unarmed Combat
 + Level 6.9 Invocations


You had 12 spell levels left.
You didn't know any spells.
Your spell library contained the following spells:

 Spells                   Type           Power      Damage    Failure   Level
 Animate Skeleton         Necr           0%         N/A       56%         1
 Pain                     Necr           0%         1d4       56%         1
 Sandblast                Erth           0%         2d4       56%         1
 Shock                    Conj/Air       0%         1d3       56%         1
 Ensorcelled Hibernation  Hex/Ice        0%         N/A       71%         2
 Passwall                 Tmut/Erth      0%         N/A       71%         2
 Inner Flame              Hex/Fire       0%         N/A       90%         3
 Ozocubu's Armour         Ice            0%         N/A       90%         3
 Portal Projectile        Hex/Tloc       0%         N/A       90%         3
 Spider Form              Tmut/Pois      0%         N/A       90%         3
 Stone Arrow              Conj/Erth      0%         3d7       90%         3
 Swiftness                Air            0%         N/A       90%         3
 Vampiric Draining        Necr           0%         2d6       90%         3
 Airstrike                Air            0%         N/A       100%        4
 Cause Fear               Hex            0%         N/A       100%        4
 Olgreb's Toxic Radiance  Pois           0%         N/A       100%        4
 Blade Hands              Tmut           0%         N/A       100%        5
 Excruciating Wounds      Necr           0%         N/A       100%        5
 Metabolic Englaciation   Hex/Ice        0%         N/A       100%        5
 Simulacrum               Ice/Necr       0%         N/A       100%        6
 Ozocubu's Refrigeration  Ice            0%         4d5       100%        7
 Discord                  Hex            0%         N/A       100%        8
 Ignition                 Fire           0%         3d3       100%        8


Dungeon Overview and Level Annotations

Branches:
Dungeon (11/15)            Temple (1/1) D:6            Lair (4/6) D:10
  Swamp (0/4) Lair:2        Snake (0/4) Lair:2       Bailey (visited)
Gauntlet (visited)
    Orc: D:9-12

Altars:
Ashenzari
Cheibriados
Dithmenos
Elyvilon
Fedhas
Gozag
Hepliaklqana
Kikubaaqudgha
Makhleb
Nemelex Xobeh
Okawaru
Qazlal
Ru
Sif Muna
Trog
Uskayaw
Vehumet
Wu Jian
Xom
Yredelemnul
Zin
The Shining One

Shops:
D:1 [   D:8 =*

Annotations:
Gauntlet 15 transporters, exclusion: obsidian statue


Innate Abilities, Weirdness & Mutations

Your life essence is reduced to manifest your ancestor. (-10% HP)
You have hoof-like feet.
You are partially covered in yellow scales. (AC +2)
A meltable icy envelope protects you from harm. (AC +0)
A meltable shield of frost defends you. (SH +0)


Message History

You kill the raiju!
A hell hog comes into view. x2
You see here a raiju corpse.
Okay, then.
You see here a raiju corpse.
A hell hog comes into view.
The hell hog squeals angrily.
As you read the scroll of teleportation, it crumbles to dust.
You feel strangely unstable.
You feel the power of the Abyss delaying your translocation!
Unknown command.
Unknown command.
Unknown command.
Unknown command.
The hell hog misses you.
Unknown command.
Unknown command.
The hell hog squeals angrily. x2
You pummel the hell hog!! You kick the hell hog.
The hell hog is heavily wounded.
The hell hog breathes fire at you.
The fireball explodes!
The fireball engulfs you!
Your icy defenses dissipate!
* * * LOW HITPOINT WARNING * * *
The fireball engulfs the hell hog.
The hell hog completely resists.
The hell hog breathes fire at you.
The fireball explodes!
The fireball engulfs the hell hog.
The hell hog completely resists.
The fireball engulfs you!!
* * * LOW HITPOINT WARNING * * *
The fireball engulfs the hell hog.
The hell hog completely resists.
You pummel the hell hog!! Your kick misses the hell hog.
The hell hog is severely wounded.
You block the hell hog's attack.
Unknown command.
Unknown command.
You pummel the hell hog!!
You kill the hell hog!
The hell hog breathes fire at you.
The fireball explodes!
The fireball engulfs you!!
You die...

... .... . #.#
. .##.
.#.........
.∩.. . .
..#......≈. ..
∩
#..........h.
..
#........h##..
#. #....#...
.....
#.8h..##.. .
#...#.## # #
#@h.###h##..#
#...†.#...#
##.(..†#
#....#.#
##...# .#
#...##.
###..#.#
##.### .#


You could see 2 hell hogs.

Vanquished Creatures
  3 boulder beetles
  4 hydras
  Erica (D:8)
  A two-headed ogre (D:11)
  2 death yaks (D:9)
  A hell hog (Abyss:2)
  Nergalle (Lair:2)
  2 orc knights (Bailey)
  An oklob plant (Lair:3)
  5 elephants (Lair:3)
  2 gargoyles
  3 black mambas
  Maggie (D:8)
  2 rime drakes
  7 cane toads
  5 komodo dragons
  2 trolls
  A polar bear (Lair:1)
  4 raiju (Abyss:2)
  8 blink frogs
  3 wyverns
  15 yaks
  3 steam dragons
  3 water moccasins (Lair:3)
  An ice beast (D:7)
  10 orc warriors
  A black bear (Lair:2)
  2 necrophages (D:5)
  An ogre (D:4)
  A phantom (D:5)
  7 wolves
  2 centaurs
  A kobold brigand (D:10)
  3 bullfrogs
  A wyvern skeleton (D:6)
  13 killer bees
  A howler monkey (D:10)
  7 wights
  4 electric eels
  4 centaur zombies
  A jelly (D:6)
  A hound (D:4)
  2 orc priests
  2 hexers
  7 orc wizards
  A hound skeleton (D:4)
  A howler monkey zombie (D:9)
  12 gnolls
  6 adders
  A shadow imp (D:7)
  3 white imps
  An ufetubus (D:6)
  3 worms
  7 dart slugs
  32 orcs
  4 ball pythons
  6 bats
  11 endoplasms
  A giant cockroach (D:3)
  20 goblins
  20 hobgoblins
  5 quokkas
  A frilled lizard (D:1)
  8 kobolds
  A rat (D:1)
296 creatures vanquished.

Vanquished Creatures (collateral kills)
  An orc warlord (Bailey)
  2 hydras (Lair:3)
  A two-headed ogre (D:9)
  A death yak (D:8)
  A wizard (D:10)
  An orc knight (Bailey)
  3 komodo dragons
  A troll (D:10)
  4 blink frogs
  A wraith (D:10)
  Grum (D:8)
  A basilisk (shapeshifter) (D:11)
  A steam dragon (D:8)
  5 yaks
  An acid dragon (D:10)
  A water moccasin (Lair:3)
  5 orc warriors (Bailey)
  A black bear (D:7)
  2 centaurs
  3 wolves
  A phantom (D:7)
  A kobold brigand (D:8)
  2 bullfrogs
  A wyvern skeleton (D:7)
  2 killer bees
  2 wights (D:8)
  2 centaur zombies
  An orc priest (D:7)
  2 orc wizards
  A killer bee zombie (D:6)
  A gnoll (Bailey)
  An adder (D:6)
  A shadow imp (D:6)
  4 orcs
  7 goblins (Bailey)
  4 hobgoblins (Bailey)
  3 kobolds (D:8)
73 creatures vanquished.

Vanquished Creatures (others)
  8 hexers
  An orc (D:8)
  16 fungi
  11 plants
36 creatures vanquished.

Grand Total: 405 creatures vanquished

Notes
Turn   | Place    | Note
-------+----------+-------------------------------------------
     0 | D:1      | 1994 the Demonspawn Monk began the quest for the Orb.
     0 | D:1      | Reached XP level 1. HP: 18/18 MP: 1/1
    43 | D:1      | Found Sosingoz's Armour Shoppe.
   321 | D:3      | Found a stormy altar of Qazlal.
   592 | D:1      | Gained mutation: You have large cloven feet. [demonic
                  | ancestry]
   592 | D:1      | Reached XP level 2. HP: 24/24 MP: 2/2
  1117 | D:1      | Reached XP level 3. HP: 29/29 MP: 3/3
  1356 | D:2      | Reached skill level 1 in Armour
  1356 | D:2      | Reached skill level 1 in Unarmed Combat
  1672 | D:1      | HP: 1/29 [gnoll (3)]
  2050 | D:1      | Found Sosingoz's Armour Shoppe.
  2777 | D:1      | Reached XP level 4. HP: 27/35 MP: 4/4
  3414 | D:2      | Reached skill level 2 in Unarmed Combat
  3770 | D:3      | Found a burning altar of Makhleb.
  3834 | D:3      | Reached XP level 5. HP: 39/41 MP: 5/5
  3910 | D:3      | Found a faded altar of an unknown god.
  5056 | D:4      | Noticed an ogre
  5197 | D:4      | Killed an ogre
  5198 | D:4      | Reached skill level 3 in Unarmed Combat
  5198 | D:4      | Gained mutation: A meltable shield of frost defends you.
                  | (SH +0) [demonic ancestry]
  5198 | D:4      | Reached XP level 6. HP: 42/48 MP: 6/6
  5679 | D:4      | Found an opulent altar of Gozag.
  5732 | D:5      | Entered Level 5 of the Dungeon
  6239 | D:5      | Reached XP level 7. HP: 36/54 MP: 7/7
  6811 | D:5      | Reached skill level 1 in Shields
  6861 | D:5      | Reached skill level 4 in Unarmed Combat
  7477 | D:6      | Noticed a steam dragon
  7496 | D:6      | Killed a steam dragon
  7497 | D:6      | Reached XP level 8. HP: 52/61 MP: 8/8
  7598 | D:6      | Found a staircase to the Ecumenical Temple.
  7608 | Temple   | Entered the Ecumenical Temple
  7775 | Temple   | Became a worshipper of Hepliaklqana the Forgotten
  7775 | Temple   | Reached * piety under Hepliaklqana
  7775 | Temple   | Reached ** piety under Hepliaklqana
  7776 | Temple   | Remembered your ancestor Atia as a hexer
  8041 | D:6      | You fall into a shaft and drop 1 floor!
  8253 | D:6      | Reached skill level 5 in Fighting
  8253 | D:6      | Reached skill level 5 in Unarmed Combat
 10092 | D:7      | Reached skill level 5 in Dodging
 10094 | D:7      | Gained mutation: A meltable icy envelope protects you from
                  | harm. (AC +0) [demonic ancestry]
 10094 | D:7      | Reached XP level 9. HP: 16/61 MP: 9/9
 10817 | D:8      | Noticed Maggie
 10833 | D:8      | Killed Maggie
 10834 | D:8      | Reached skill level 5 in Armour
 10834 | D:8      | Reached skill level 6 in Unarmed Combat
 10899 | D:8      | Found a flagged portal.
 10931 | Bailey   | Entered a bailey
 11537 | Bailey   | Noticed an orc knight
 11583 | Bailey   | Killed an orc knight
 11584 | Bailey   | Reached skill level 7 in Unarmed Combat
 11759 | Bailey   | Noticed an orc knight
 11765 | Bailey   | Reached XP level 10. HP: 69/69 MP: 10/10
 11801 | Bailey   | Killed an orc knight
 11941 | Bailey   | Noticed an orc knight
 11972 | Bailey   | Killed an orc knight
 12027 | Bailey   | Reached skill level 8 in Unarmed Combat
 12252 | Bailey   | Noticed an orc warlord
 13025 | Bailey   | Killed an orc warlord
 13293 | Bailey   | Gained mutation: You have hoof-like feet. [demonic
                  | ancestry]
 13293 | Bailey   | Reached XP level 11. HP: 77/77 MP: 11/11
 13362 | D:8      | Noticed Erica
 13372 | D:8      | Killed Erica
 13380 | D:8      | Reached *** piety under Hepliaklqana
 13419 | D:8      | Found a snail-covered altar of Cheibriados.
 13476 | D:8      | Noticed Grum
 13490 | D:8      | Killed Grum
 13491 | D:8      | Reached skill level 1 in Invocations
 13626 | D:8      | Found Riwkunar's Jewellery Emporium.
 13636 | D:8      | Acquired a manual of Unarmed Combat
 13915 | D:8      | Found Rociash's Gadget Gallery.
 14157 | D:9      | Found a shimmering blue altar of Sif Muna.
 14371 | D:9      | Reached skill level 9 in Unarmed Combat
 15308 | D:10     | Entered Level 10 of the Dungeon
 15308 | D:10     | Noticed a death yak
 15308 | D:10     | Noticed a two-headed ogre
 15311 | D:10     | Noticed a death yak
 15319 | D:9      | Killed a two-headed ogre
 15320 | D:9      | Gained mutation: You are partially covered in yellow
                  | scales. (AC +2) [demonic ancestry]
 15320 | D:9      | Reached XP level 12. HP: 75/84 MP: 10/13
 15343 | D:10     | Noticed a death yak
 15356 | D:10     | Found a staircase to the Lair.
 15839 | D:8      | Killed a death yak
 15857 | D:9      | Killed a death yak
 15858 | D:9      | Reached skill level 10 in Shields
 15885 | D:9      | Killed a death yak
 15997 | D:10     | Found a broken altar of Ashenzari.
 15997 | D:10     | Noticed a boulder beetle
 16157 | D:10     | Reached skill level 10 in Unarmed Combat
 16174 | D:10     | Killed a boulder beetle
 16610 | D:11     | Found an iron altar of Okawaru.
 16645 | D:11     | Reached **** piety under Hepliaklqana
 16721 | D:11     | Noticed a boulder beetle
 16738 | D:11     | Killed a boulder beetle
 16935 | D:11     | Noticed a boulder beetle
 16964 | D:11     | Killed a boulder beetle
 17045 | D:11     | Noticed a six-headed hydra
 17056 | D:11     | Killed a six-headed hydra
 17306 | D:11     | Noticed a five-headed hydra
 17315 | D:11     | Killed a five-headed hydra
 17536 | D:11     | Noticed a two-headed ogre
 17546 | D:11     | Killed a two-headed ogre
 17547 | D:11     | Reached skill level 11 in Unarmed Combat
 17547 | D:11     | Reached skill level 5 in Invocations
 17615 | Lair:1   | Entered Level 1 of the Lair of Beasts
 17854 | Lair:1   | Reached skill level 10 in Fighting
 17936 | Lair:1   | Reached XP level 13. HP: 92/92 MP: 16/16
 18304 | Lair:1   | You fall into a shaft and drop 1 floor!
 18961 | Lair:2   | Found a staircase to the Snake Pit.
 19060 | Lair:2   | Noticed Nergalle
 19078 | Lair:2   | Killed Nergalle
 19094 | Lair:2   | Reached ***** piety under Hepliaklqana
 19124 | Lair:2   | Found a staircase to the Swamp.
 19672 | Lair:3   | Reached skill level 12 in Unarmed Combat
 20899 | Lair:4   | Found a gate leading to a gauntlet.
 20925 | Gauntlet | Entered a Gauntlet
 20925 | Gauntlet | Found a transporter.
 20925 | Gauntlet | Found a transporter.
 20929 | Gauntlet | Found a transporter.
 20929 | Gauntlet | Found a transporter.
 20936 | Gauntlet | Noticed a blizzard demon
 20940 | Gauntlet | Found a transporter.
 20947 | Gauntlet | Found a transporter.
 20957 | Gauntlet | Found a transporter.
 20957 | Gauntlet | Found a transporter.
 20960 | Gauntlet | Found a transporter.
 20966 | Gauntlet | Found a transporter.
 20972 | Gauntlet | Found a transporter.
 21012 | Gauntlet | Found a transporter.
 21042 | Gauntlet | Found the ring of the Mage {Wiz Will++ Int+3}
 21057 | Gauntlet | Found a transporter.
 21071 | Gauntlet | Found a transporter.
 21175 | Gauntlet | Found a transporter.
 21196 | Gauntlet | Found a transporter.
 21536 | Gauntlet | Cast into level 2 of the Abyss (a wizard)
 21590 | Abyss:2  | Killed from afar by a hell hog

Illustrated notes

Levels and vault maps discovered:
D:1:      pf_arrival_petrified_forest, layout_basic, serial_shops,
          nicolae_shop_behind_doors
D:2:      minmay_spotlight, layout_basic
D:3:      layout_loops_corners, mainiacjoe_overflow_boulevard,
          mainiacjoe_overflow_brackets, basic_ecumenical_altar
D:4:      layout_loops_cross, nicolae_gozag_cash_rules_everything_around_me
D:5:      layout_basic
D:6:      layout_basic, minmay_temple_entry_mini_moons, nicolae_water_bricks,
          solitary_fountain
D:7:      layout_cave_pools, minivault_14
D:8:      layout_loops_ring, kennysheep_slug_shrine,
          lightli_ossuary_entry_decrepit_ruins, serial_shops, shop,
          enter_bailey_6, nicolae_shop_gadgets, uniq_maggie, uniq_erica,
          uniq_grum
D:9:      minmay_angry_zag, layout_loops_ring,
          mainiacjoe_overflow_large_starburst
D:10:     layout_cave_pools, dpeg_lair_monsters, serial_rivers,
          chequers_serial_rivers_small_3, chequers_serial_rivers_micro_d,
          chequers_serial_rivers_micro_e, chequers_serial_rivers_micro_e,
          chequers_serial_rivers_micro_b, chequers_serial_rivers_micro_b,
          minmay_ruined_shrine
D:11:     layout_roguey, okawaru_gym_becter
Temple:   nicolae_temple_elliptical
Lair:1:   layout_concentric_octagons
Lair:2:   layout_hall_layers, swamp_mist, dummy_snake_entry, uniq_nergalle
Lair:3:   layout_loops_ring, lemuel_fruit_fields, grunt_megastairs_1,
          infiniplex_staircase_pool
Lair:4:   layout_regular_city, ebering_ghost_funeral_grove,
          gauntlet_entry_generic
Abyss:2:  base:
Temple
Gauntlet: gammafunk_gauntlet_branching [nicolae_gauntlet_swirl,
          gammafunk_gauntlet_arena_grid, gammafunk_gauntlet_arena_chambers,
          gammafunk_gauntlet_arena_corners, nicolae_gauntlet_arena_quarters,
          gammafunk_gauntlet_arena_spirals, nicolae_gauntlet_arena_flowing_pool,
          nicolae_gauntlet_arena_blocks, dreamdust_gauntlet_exit_labyrinth]

Skill      XL: |  1  2  3  4  5  6  7  8  9 10 11 12 13 |
---------------+----------------------------------------+-----
Armour         | 1 2 3 4 5 6 7 8 |  8.1
Dodging        | 3 4 5 6 7 8 |  8.3
Unarmed Combat | 1 2 3 4 5 7 8 9 11 12 | 12.8
Fighting       | 4 5 6 7 8 10 11 | 11.1
Shields        | 2 4 9 10 11 | 11.6
Invocations    | 2 5 6 |  6.9
Polearms       | |  2.9
Stealth        | |  1.7

Action                   |  1- 3 |  4- 6 |  7- 9 | 10-12 | 13-15 || total
-------------------------+-------+-------+-------+-------+-------++-------
Melee: Spear             |   127 |    32 |       |       |       ||   159
       Kick              |    30 |    62 |   190 |   275 |   180 ||   737
       Dagger            |       |   147 |   305 |    96 |       ||   548
       Punch             |       |     1 |       |       |       ||     1
       Unarmed           |       |       |     8 |   403 |   323 ||   734
Throw: Stone             |     2 |     4 |       |       |       ||     6
       Dart              |       |     7 |    27 |     2 |     1 ||    37
Invok: Recall Ancestor   |       |       |     2 |     4 |     3 ||     9
       Ancestor Life: He |       |       |     1 |       |       ||     1
  Use: Scroll            |       |     6 |     3 |     4 |    10 ||    23
       Potion            |       |       |     2 |     1 |       ||     3
 Stab: Sleeping          |     6 |     8 |     4 |     4 |     4 ||    26
       Confused          |       |       |    10 |    32 |     7 ||    49
       Distracted        |       |       |     2 |     8 |    12 ||    22
       Betrayed ally     |       |       |       |       |     4 ||     4
Armor: Robe              |    12 |     1 |       |       |       ||    13
       Ring mail         |       |    33 |    37 |       |       ||    70
       Acid dragon scale |       |       |    19 |    87 |    66 ||   172
Dodge: Dodged            |    62 |    84 |   167 |   198 |   138 ||   649
Block: Other             |       |     7 |       |       |       ||     7
       Buckler           |       |       |   167 |    25 |       ||   192
       Kite shield       |       |       |       |   424 |   288 ||   712

Table legend: (Time is in decaauts)
 A = Elapsed time spent in this place.
 B = Non-inter-level travel time spent in this place.
 C = Inter-level travel time spent in this place.
 D = Time resting spent in this place.
 E = Time spent auto-exploring this place.
 F = Levels seen in this place.
 G = Mean time per level.
                   A        B        C        D        E       F      G
               +--------+--------+--------+--------+--------+-----+--------+
         Total |  21530 |  20990 |    540 |   6929 |   7744 |  19 | 1133.2 |
       Dungeon |  15034 |  14592 |    442 |   5490 |   5387 |  11 | 1366.7 |
        Temple |    188 |    160 |     28 |      0 |    142 |   1 |  188.0 |
          Lair |   3262 |   3192 |     70 |    644 |   1850 |   4 |  815.5 |
         Abyss |     50 |     50 |      0 |      0 |      0 |   1 |   50.0 |
        Bailey |   2383 |   2383 |      0 |    795 |     93 |   1 | 2383.0 |
      Gauntlet |    609 |    609 |      0 |      0 |    271 |   1 |  609.0 |
               +--------+--------+--------+--------+--------+-----+--------+

Top non-repeatable levels by time:
  Bailey: 2383 daAuts
     D:1: 2377 daAuts
     D:7: 2217 daAuts
     D:5: 1576 daAuts
     D:9: 1486 daAuts
     D:3: 1293 daAuts
  Lair:3: 1212 daAuts
     D:8: 1202 daAuts
     D:6: 1108 daAuts
     D:4: 1044 daAuts
  Lair:2: 1041 daAuts
     D:2: 1011 daAuts
    D:11: 988 daAuts
  Lair:1: 866 daAuts
    D:10: 728 daAuts
